 Dungeon Crawl Stone Soup version 0.29-a0-717-g6dac4ea423 (webtiles) character file.

Game seed: 7941352697477591887

2 polve the Trooper (level 1, 0/18 HPs)
             Began as a Demonspawn Abyssal Knight on June 26, 2022.
             Was a Follower of Lugonu.
             Slain by a jackal (3 damage)
             ... on level 1 of the Dungeon.
             The game lasted 00:00:08 (65 turns).

polve the Trooper (Demonspawn Abyssal Knight)         Turns: 65, Time: 00:00:09

Health: 0/18       AC:  3    Str: 13    XL:     1   Next: 33%
Magic:  2/2        EV: 11    Int: 11    God:    Lugonu [*.....]
Gold:   0          SH:  0    Dex: 13    Spells: 0/0 levels left

rFire   . . .      SeeInvis .   a - +1 short sword
rCold   . . .      Faith    .   (no shield)
rNeg    . . .      Spirit   .   b - +0 leather armour
rPois   .          Reflect  .   (no helmet)
rElec   .          Harm     .   (no cloak)
rCorr   .          Rampage  .   (no gloves)
Will    .....                   (no boots)
Stlth   +.........              (no amulet)
HPRegen 0.06/turn               (no ring)
MPRegen 0.08/turn               (no ring)

@: no status effects
A: no striking features
a: Renounce Religion, Depart the Abyss


You were on level 1 of the Dungeon.
You worshipped Lugonu.
Lugonu was aware of your devotion.
You visited 1 branch of the dungeon, and saw 2 of its levels.
You visited the Abyss 1 time.

Inventory:

Hand Weapons
 a - a +1 short sword (weapon)
Armour
 b - a +0 leather armour (worn)


   Skills:
 - Level 3.0 Fighting
 + Level 2.0 Short Blades
 - Level 1.7 Armour
 - Level 0.8 Dodging
 - Level 2.4 Invocations


You couldn't memorise any spells.
You didn't know any spells.
Your spell library was empty.

Dungeon Overview and Level Annotations

Branches:
Dungeon (2/15)

Altars:
Dithmenos


Message History

No target in view!
No target in view!
There is an escape hatch in the ceiling here.
A mysterious force pulls you upwards. The hatch slams shut behind you.
The jackal barks! x2
The jackal bites you. x2
Found a scroll labelled FYLYD IGASTUE.
There are monsters nearby!
There are monsters nearby!
You are too injured to fight recklessly!
You hit the jackal.
The jackal is moderately wounded.
The jackal bites you. The jackal closely misses you. x2
The jackal bites you but does no damage. x2
You barely miss the jackal.
The jackal is moderately wounded.
The jackal barely misses you. The jackal bites you.
The jackal barely misses you.
You hit the jackal.
You kill the jackal!
Lugonu accepts your kill. The jackal barely misses you.
The jackal bites you but does no damage.
The jackal bites you.
Your Short Blades skill increases to level 2!
You closely miss the jackal. The jackal closely misses you.
The jackal bites you but does no damage. x3
The jackal closely misses you.
You hit the jackal but do no damage. The jackal barely misses you.
The jackal bites you. The jackal misses you.
You hit the jackal.
The jackal is almost dead.
The jackal barely misses you. The jackal closely misses you.
The jackal bites you.
* * * LOW HITPOINT WARNING * * *
The jackal closely misses you. The jackal misses you. x2
You closely miss the jackal.
The jackal is almost dead.
The jackal bites you.
You die...

### #..
#.# #.#
#.# #.#
#h# #@# #
#hh...?..
#
#######.#
# # . # #
# #


You could see 3 jackals.

Vanquished Creatures
  A jackal (D:1)
  A quokka (D:2)
2 creatures vanquished.

Notes
Turn   | Place    | Note
-------+----------+-------------------------------------------
     0 | Abyss:1  | polve the Demonspawn Abyssal Knight began the quest for the
                  | Orb.
     0 | Abyss:1  | Reached XP level 1. HP: 18/18 MP: 2/2
     0 | D:1      | Escaped the Abyss
    20 | D:1      | You fall into a shaft and drop 1 floor!
    20 | D:2      | Found a shadowy altar of Dithmenos.
    65 | D:1      | Slain by a jackal

Illustrated notes

Levels and vault maps discovered:
D:1:      psy_arrival_dodecagon, layout_basic,
          hellmonk_ecumenical_altar_slurped_away
D:2:      layout_loops_cross, serial_shops, nicolae_shop_trees, basic_altar,
          minmay_quadrilaterals, uniq_natasha, uniq_sigmund

Skill      XL: |  1 |
---------------+----+-----
Short Blades   | 2 |  2.0
Fighting       | |  3.0
Armour         | |  1.7
Dodging        | |  0.8
Invocations    | |  2.4

Action                   || total
-------------------------++-------
Melee: Short sword       ||    14
       Punch             ||     1
Invok: Depart the Abyss  ||     1
Armor: Leather armour    ||     9
Dodge: Dodged            ||    17

Table legend: (Time is in decaauts)
 A = Elapsed time spent in this place.
 B = Non-inter-level travel time spent in this place.
 C = Inter-level travel time spent in this place.
 D = Time resting spent in this place.
 E = Time spent auto-exploring this place.
 F = Levels seen in this place.
 G = Mean time per level.
                   A        B        C        D        E       F      G
               +--------+--------+--------+--------+--------+-----+--------+
         Total |     64 |     64 |      0 |      0 |     41 |   3 |   21.3 |
       Dungeon |     64 |     64 |      0 |      0 |     41 |   2 |   32.0 |
         Abyss |      0 |      0 |      0 |      0 |      0 |   1 |    0.0 |
               +--------+--------+--------+--------+--------+-----+--------+

Top non-repeatable levels by time:
     D:2: 37 daAuts
     D:1: 26 daAuts
